 Dungeon Crawl Stone Soup version 0.29.1-15-g9cfb28693d (webtiles) character file.

Game seed: 7619601774367762518

47 Mickster the Trooper (level 3, -2/29 HPs)
             Began as a Demonspawn Berserker on Mar 23, 2023.
             Was a Follower of Trog.
             Slain by a worm (3 damage)
             ... on level 2 of the Dungeon.
             The game lasted 00:10:23 (1782 turns).

Mickster the Trooper (Demonspawn Berserker)         Turns: 1782, Time: 00:10:24

Health: -2/29      AC:  6    Str: 19    XL:     3   Next: 48%
Magic:  3/3        EV:  6    Int:  8    God:    Trog [*.....]
Gold:   1064       SH: 10    Dex: 12    Spells: 2/2 levels left

rFire   . . .      SeeInvis .   a - +0 hand axe
rCold   . . .      Faith    .   e - +0 tower shield
rNeg    . . .      Spirit   .   h - +0 scale mail
rPois   .          Reflect  .   (no helmet)
rElec   .          Harm     .   (no cloak)
rCorr   .          Rampage  .   (no gloves)
Will    .....                   (no boots)
Stlth   ..........              (no amulet)
HPRegen 0.09/turn               (no ring)
MPRegen 0.08/turn               (no ring)

@: no status effects
A: claws 2
a: Renounce Religion, Berserk


You were on level 2 of the Dungeon.
You worshipped Trog.
Trog was aware of your devotion.
You visited 1 branch of the dungeon, and saw 2 of its levels.

You collected 1064 gold pieces.

Inventory:

Hand Weapons
 a - a +0 hand axe (weapon)
 c - a +2 vorpal sling
Missiles
 b - 2 boomerangs (quivered)
Armour
 e - a +0 tower shield (worn)
 h - a +0 scale mail (worn)
Scrolls
 d - a scroll of identify
 m - a scroll of silence


   Skills:
 + Level 3.3 Fighting
 + Level 3.3 Axes
 + Level 2.0 Armour
 + Level 2.1 Dodging
 + Level 0.9 Shields


You had 2 spell levels left.
You didn't know any spells.
Your spell library was empty.

Dungeon Overview and Level Annotations

Branches:
Dungeon (2/15)

Altars:
Yredelemnul


Innate Abilities, Weirdness & Mutations

You have very sharp fingernails.


Message History

The worm is moderately wounded.
You block the worm's attack.
You completely miss the worm.
The worm is lightly wounded.
You block the worm's attack.
You hit the worm but do no damage.
The worm is lightly wounded.
You block the worm's attack.
You barely miss the worm.
The worm is lightly wounded.
You block the worm's attack.
You hit the worm.
The worm is moderately wounded.
You hit the worm.
The worm is moderately wounded.
You block the worm's attack.
You slash the worm!
The worm is severely wounded.
You block the worm's attack.
You hit the worm.
The worm is almost dead.
The worm bites you.
* * * LOW HITPOINT WARNING * * *
You hit the worm but do no damage.
The worm is severely wounded.
You block the worm's attack.
You hit the worm but do no damage.
The worm is severely wounded.
The worm barely misses you.
You hit the worm but do no damage.
The worm is severely wounded.
The worm bites you.
* * * LOW HITPOINT WARNING * * *
You hit the worm.
The worm is almost dead.
You block the worm's attack.
You barely miss the worm.
The worm is severely wounded.
The worm bites you.
You die...

#.## #..# ##.## #...# #...#
### ####...## ##.##
#........ #######...##
#........ #....†..@..#
#......<. #÷#####.w.###
####...## #..>....#.......#
#...#
#.###.#.#<##.##.########...#
#.#.#.##.#..)........### ..#
#.##....########.# .##
#.#####.####.###.# .
#.#####.##.......### ..
#........#.........##


You could see a worm.

Vanquished Creatures
  An adder (D:2)
  3 dart slugs
  5 ball pythons
  2 bats (D:1)
  4 endoplasms (D:1)
  A giant cockroach (D:1)
  A goblin (D:2)
  2 hobgoblins (D:1)
  2 quokkas
  5 frilled lizards
  3 kobolds (D:1)
  2 rats
31 creatures vanquished.

Notes
Turn   | Place    | Note
-------+----------+-------------------------------------------
     0 | D:1      | Mickster the Demonspawn Berserker began the quest for the
                  | Orb.
     0 | D:1      | Reached XP level 1. HP: 18/18 MP: 1/1
   431 | D:1      | Gained mutation: You have sharp fingernails. [demonic
                  | ancestry]
   431 | D:1      | Reached XP level 2. HP: 13/24 MP: 2/2
  1090 | D:1      | Identified a scroll of acquirement
  1090 | D:1      | Acquired 1009 gold pieces
  1260 | D:2      | Found a basalt altar of Yredelemnul.
  1283 | D:2      | Gained mutation: You have very sharp fingernails. [demonic
                  | ancestry]
  1283 | D:2      | Reached XP level 3. HP: 29/29 MP: 3/3
  1780 | D:2      | HP: 1/29 [worm (6)]
  1782 | D:2      | Slain by a worm

Illustrated notes

Levels and vault maps discovered:
D:1:      psy_arrival_dodecagon, layout_rooms, nicolae_figureground_sparkle
D:2:      minmay_chambers_of_ones, layout_loops_cross, basic_altar,
          uniq_crazy_yiuf_cottage

Skill      XL: |  1  2  3 |
---------------+----------+-----
Dodging        | 2 |  2.1
Axes           | 3 |  3.3
Armour         | 2 |  2.0
Fighting       | |  3.3
Shields        | |  0.9

Action                   || total
-------------------------++-------
Melee: Hand axe          ||   118
Throw: Boomerang         ||     1
Invok: Berserk           ||     2
  Use: Scroll            ||     6
       Potion            ||     4
Armor: Animal skin       ||     7
       Scale mail        ||    44
Dodge: Dodged            ||    38
Block: Tower shield      ||    89
